 Dungeon Crawl Stone Soup version 0.22-a0-587-g7d32d7c (webtiles) character file.

346 sking99 the Cleaver (level 6, -9/58 HPs)
             Began as a Hill Orc Fighter on July 4, 2018.
             Mangled by an ogre
             ... wielding a +0 giant club
              (16 damage)
             ... on level 4 of the Dungeon.
             The game lasted 00:05:34 (2604 turns).

sking99 the Cleaver (Hill Orc Fighter)              Turns: 2604, Time: 00:05:35

Health: -9/58      AC:  6    Str: 19    XL:     6   Next: 59%
Magic:  6/6        EV:  8    Int:  8    God:    Xom [..*...]
Gold:   121        SH:  9    Dex: 12    Spells: 5/5 levels left

rFire    . . .     SeeInvis .   a - +0 war axe
rCold    . . .     Gourm    .   c - +0 shield
rNeg     . . .     Faith    .   b - +0 scale mail
rPois    .         Spirit   .   (no helmet)
rElec    .         Reflect  .   (no cloak)
rCorr    .         Harm     .   (no gloves)
MR       .....     Rnd*Rage +   (no boots)
Stlth    ..........             (no amulet)
HPRegen  0.19/turn              (no ring)
MPRegen  0.10/turn              (no ring)

@: slowed, very slow
A: berserk 2, high mp 1, sense surroundings 1, robust 1, sturdy frame 1
a: Renounce Religion


You were on level 4 of the Dungeon.
You worshipped Xom.
You were a toy of Xom.
You were not hungry.

You visited 1 branch of the dungeon, and saw 4 of its levels.

You collected 121 gold pieces.

Inventory:

Hand Weapons
 a - a +0 war axe (weapon)
Missiles
 j - 5 javelins (quivered)
Armour
 b - a +0 scale mail (worn)
 c - a +0 shield (worn)
 i - a +0 pair of boots
Jewellery
 m - a +4 ring of intelligence {unknown}
 w - a cursed -2 ring of evasion {unknown}
Wands
 e - a wand of flame (17)
 g - a wand of digging (19)
Scrolls
 h - a scroll of magic mapping {unknown}
 n - a scroll of fear {unknown}
 o - 5 scrolls of identify {unknown}
 p - a scroll of enchant armour {unknown}
 r - a scroll of noise {unknown}
 s - a scroll of enchant weapon {unknown}
 t - a scroll of remove curse {unknown}
Potions
 d - a potion of might
 k - a potion of curing {unknown}
 l - a potion of heal wounds {unknown}
 q - a potion of magic {unknown}
 u - 2 potions of cancellation {unknown}
Comestibles
 f - 11 rations
 v - 4 chunks of flesh


   Skills:
 + Level 4.4 Fighting
 * Level 8.0 Axes
 - Level 3.2 Armour
 + Level 1.1 Dodging
 + Level 0.8 Stealth
 - Level 3.2 Shields


You had 5 spell levels left.
You didn't know any spells.
Your spell library was empty.

Dungeon Overview and Level Annotations

Branches:
Dungeon (4/15)
 Temple: D:4-7

Altars:
Uskayaw
Xom

Annotations:
D:4 Sigmund


Innate Abilities, Weirdness & Mutations

You often lose your temper in combat.
You have an increased reservoir of magic. (+10% MP)
You passively map a small area around you.
You are robust. (+10% HP)
Your movements are slightly less encumbered by armour. (ER -2)


Message History

Xom plays with reality for a moment.
You begin to radiate toxic energy.
Something hits you. You block the ogre's attack.
You barely miss the ogre.
The ogre is severely wounded.
The ogre is poisoned.
Something hits you but does no damage. The ogre hits you with a giant club!!
You barely miss the ogre.
The ogre is almost dead.
The ogre looks even sicker.
Your toxic aura wanes.
The ogre hits you with a giant club!
* * * LOW HITPOINT WARNING * * *
Something hits you.
* * * LOW HITPOINT WARNING * * *
The ogre barely misses you.
You completely miss the ogre.
The ogre is almost dead.
Something completely misses you. The ogre hits you with a giant club!
You die...

.......####.........#
....................#
.......####.........#
......)## #.........#
........# #.........#
........# #.........#
.....<.)# ##.......##
#..#.#....###.....##
#......##.######@##
.......##.....##O#
#......##.....#.{#
###.....#.....#.##
,..............# ,
##. .........## * **
#........ ,,
#......... , , *
#.......#.. ,


You could see an ogre.

Vanquished Creatures
  A phantom (D:3)
  Ijyb (D:3)
  Natasha (thrice) (D:3)
  5 adders
  4 worms
  6 dart slugs
  3 leopard geckos
  6 orcs
  6 bats
  11 giant cockroaches
  7 goblins
  15 hobgoblins
  3 quokkas
  4 frilled lizards
  4 kobolds
  3 rats
82 creatures vanquished.

Notes
Turn   | Place    | Note
-------+----------+-------------------------------------------
     0 | D:1      | sking99 the Hill Orc Fighter began the quest for the Orb.
     0 | D:1      | Reached XP level 1. HP: 19/19 MP: 1/1
    60 | D:1      | Reached skill level 3 in Axes
    98 | D:1      | Reached XP level 2. HP: 24/27 MP: 2/2
   171 | D:1      | Reached skill level 4 in Axes
   195 | D:1      | Reached XP level 3. HP: 33/33 MP: 3/3
   361 | D:1      | Reached skill level 5 in Axes
   559 | D:2      | Reached XP level 4. HP: 40/40 MP: 4/4
   987 | D:2      | Reached skill level 6 in Axes
  1279 | D:3      | Noticed Ijyb
  1308 | D:3      | Gained mutation: Your muscles are strong. (Str +2) [potion of mutation]
  1308 | D:3      | Gained mutation: You tend to lose your temper in combat. [potion of mutation]
  1308 | D:3      | Gained mutation: Your spells are a little easier to cast, but a little less powerful. [potion of mutation]
  1308 | D:3      | Gained mutation: Your movements are slightly less encumbered by armour. (ER -2) [potion of mutation]
  1314 | D:3      | Killed Ijyb
  1314 | D:3      | Reached XP level 5. HP: 6/46 MP: 5/5
  1534 | D:3      | Lost mutation: Your muscles are strong. (Str +2) [potion of mutation]
  1534 | D:3      | Lost mutation: Your spells are a little easier to cast, but a little less powerful. [potion of mutation]
  1534 | D:3      | Gained mutation: You have an increased reservoir of magic. (+10% MP) [potion of mutation]
  1534 | D:3      | Gained mutation: You passively map a small area around you. [potion of mutation]
  1534 | D:3      | Gained mutation: You often lose your temper in combat. [potion of mutation]
  1534 | D:3      | Gained mutation: You are robust. (+10% HP) [potion of mutation]
  1703 | D:3      | Noticed Natasha
  1710 | D:3      | Killed Natasha
  1714 | D:3      | Noticed a phantom
  1726 | D:3      | Noticed Natasha
  1734 | D:3      | Killed Natasha
  1734 | D:3      | Reached skill level 1 in Dodging
  1990 | D:3      | Killed a phantom
  1990 | D:3      | Reached skill level 7 in Axes
  1990 | D:3      | Reached XP level 6. HP: 24/58 MP: 6/6
  2031 | D:3      | Noticed Natasha
  2041 | D:3      | Killed Natasha
  2315 | D:3      | Reached skill level 8 in Axes
  2410 | D:3      | Found a hide-covered altar of Uskayaw.
  2440 | D:3      | Found a faded altar of an unknown god.
  2450 | D:3      | Became a worshipper of Xom of Chaos
  2489 | D:3      | XOM: divination: magic mapping
  2497 | D:3      | XOM: harmless Erth miscast
  2591 | D:4      | Noticed Sigmund
  2598 | D:4      | XOM: medium Chrm miscast
  2601 | D:4      | XOM: cast spell 'Olgreb's Toxic Radiance'
  2604 | D:4      | Mangled by an ogre

Vault maps used:
D:1:      sevenhm_arrival_forest_fort_small_3, moated_statue
D:2:      supply_closet_lemuel
D:3:      lemuel_doored_altar, chequers_ecumenical_altar_simple_redux,
          uniq_ijyb, uniq_natasha
D:4:      lemuel_crystal_altar, serial_glass, glass_columns_c, glass_columns_b,
          glass_columns_a, glass_columns_b, kennysheep_dice, uniq_sigmund,
          uniq_duvessa

Skill      XL: |  1  2  3  4  5  6 |
---------------+-------------------+-----
Axes           | 3 4 5 6 7 8 |  8.0
Fighting       | 4 |  4.4
Dodging        | 1 |  1.1
Armour         | |  3.2
Stealth        | |  0.8
Shields        | |  3.2

Action                   |  1- 3 |  4- 6 || total
-------------------------+-------+-------++-------
Melee: War axe           |    90 |   192 ||   282
  Use: Potion            |       |     3 ||     3
  Eat: Chunk             |       |     6 ||     6
Armor: Scale mail        |    33 |    62 ||    95
Dodge: Dodged            |    30 |    64 ||    94
Block: Shield            |    42 |    79 ||   121

Table legend:
 A = Spawn XP
 B = Non-spawn XP
 C = Spawn XP percentage of total XP
 D = Spawn monster count
 E = Non-spawn monster count
 F = Spawn count percentage of total count
 G = Total turns spent on level
                    A         B        C        D         E        F      G
               +---------+---------+-------+---------+---------+-------+---------
         Total |       0 |     495 |   0.0 |       0 |      82 |   0.0 |  2604
               +---------+---------+-------+---------+---------+-------+---------
           D:1 |       0 |      67 |   0.0 |       0 |      32 |   0.0 |   550
           D:2 |       0 |      73 |   0.0 |       0 |      17 |   0.0 |   754
           D:3 |       0 |     352 |   0.0 |       0 |      32 |   0.0 |  1242
           D:4 |       0 |       3 |   0.0 |       0 |       1 |   0.0 |    58
               +---------+---------+-------+---------+---------+-------+---------
